EDMONTON Oilers vs ST. LOUIS Blues

Created - 9 avril 2024 at 17:30

Goals
1 2 3 T
EDMONTON Oilers 0 1 0 1
ST. LOUIS Blues 2 1 0 3
Shots
1 2 3 T
EDMONTON Oilers 13 14 4 31
ST. LOUIS Blues 20 8 15 43

1st period

1. ST. LOUIS Blues , Evgeny Kuznetsov 20 (Jack Roslovic 24, Colin Miller 18) at 8:24
2. ST. LOUIS Blues , Erik Karlsson 7 (Jonathan Marchessault 30, Calle Jarnkrok 20) at 19:41 (PP)

Penalties :
Alexander Romanov (EDM) for Delaying the game (Minor) at 1:46, Erik Haula (STL) for High sticking (Minor) at 5:48, Marc-Andre Fleury (STL) for Slashing (Minor) at 15:22 - Jonathan Marchessault served the penalty., Michal Kempny (EDM) for Tripping (Minor) at 17:48

2nd period

3. ST. LOUIS Blues , Jonathan Marchessault 25 (Erik Gustafsson 29, Calle Jarnkrok 21) at 3:39
4. EDMONTON Oilers , Dylan Cozens 26 (Drake Batherson 23, Moritz Seider 40) at 16:44

Penalties :
Nikita Zaitsev (EDM) for Interference (Minor) at 3:44, Brandon Tanev (STL) for Holding (Minor) at 8:07, Roope Hintz (STL) for Holding (Minor) at 10:58, Alexander Romanov (EDM) for High sticking (Minor) at 17:22, Nico Sturm (EDM) for Cross-checking (Minor) at 19:56

3rd period

No Goal

Penalties :
Nikita Zaitsev (EDM) for Cross-checking (Minor) at 13:07, Tucker Poolman (EDM) for Roughing (Minor) at 16:04, Michal Kempny (EDM) for Slashing (Minor) at 18:33

Goalie Stats

Adin Hill (EDM), 40 saves from 43 shots - (0,930), L, 21-49-2, 60:00 minutes
Marc-Andre Fleury (STL), 30 saves from 31 shots - (0,968), W, 5-1-0, 60:00 minutes

Players Stats for EDMONTON Oilers

Player Name              G  A  P  +/- PIM S  H  SB GA TA FO     MP     PP MP  PK MP  
------------------------------------------------------------------------------------
Alex Wennberg            0  0  0  -1  0   3  1  0  0  0  12/25  23:56   3:44  10:02 
Alexander Romanov        0  0  0   1  4   2  1  2  0  0  0/0    24:40   4:05   6:20 
Denis Gurianov           0  0  0   0  0   1  1  0  0  0  0/0     7:52   0:10   0:25 
Drake Batherson          0  1  1   1  0   2  2  0  0  0  0/0    16:36   4:02   0:00 
Dylan Cozens             1  0  1   1  0   4  1  0  0  0  8/25   21:04   3:44   4:46 
Kent Johnson             0  0  0   0  0   7  0  0  0  0  4/8    11:29   4:12   0:00 
Kyle Palmieri            0  0  0  -1  0   1  2  0  0  0  0/2    19:08   4:12   4:46 
Leo Komarov              0  0  0  -1  0   0  0  0  0  0  2/9     6:50   0:00   0:00 
Michal Kempny            0  0  0  -1  4   0  2  1  0  0  0/0    11:00   0:00   2:03 
Milan Lucic              0  0  0  -1  0   0  3  1  0  0  0/0     6:50   0:00   0:00 
Moritz Seider            0  1  1   1  0   4  3  2  0  0  0/0    27:36   4:05   9:14 
Nico Sturm               0  0  0   0  2   0  0  0  0  0  7/12    7:16   0:00   0:00 
Nicolas Aube-Kubel       0  0  0  -1  0   0  1  1  0  0  0/0     6:50   0:00   0:00 
Nikita Zaitsev           0  0  0  -1  4   0  5  0  0  0  0/0    22:24   3:51   5:00 
Owen Tippett             0  0  0   1  0   3  5  1  0  0  12/30  26:45   3:44  10:27 
T.J. Oshie               0  0  0  -1  0   4  0  0  0  0  0/2    10:10   0:00   0:00 
Tucker Poolman           0  0  0  -1  2   0  0  0  0  0  0/0    17:25   3:51   0:00 
Will Butcher             0  0  0  -1  0   0  0  3  0  0  0/0    16:48   0:00   7:49 

Players Stats for ST. LOUIS Blues

Player Name              G  A  P  +/- PIM S  H  SB GA TA FO     MP     PP MP  PK MP  
------------------------------------------------------------------------------------
Brandon Tanev            0  0  0   1  2   6  1  0  0  0  0/1    23:06   8:08   0:00 
Calle Jarnkrok           0  2  2   1  0   5  1  0  0  0  4/5    22:16   7:05   2:53 
Colin Miller             0  1  1   0  0   1  2  0  0  0  0/0    10:38   0:00   0:00 
Damon Severson           0  0  0   1  0   2  1  0  0  0  0/0    22:21   8:23   3:07 
Erik Brannstrom          0  0  0   0  0   0  0  0  0  0  0/0     0:41   0:00   0:00 
Erik Gustafsson          0  1  1   1  0   0  0  0  0  0  0/0    22:21   8:23   3:07 
Erik Haula               0  0  0   0  2   2  1  1  0  0  25/39  21:48   8:08   2:04 
Erik Karlsson            1  0  1   0  0   5  0  1  0  0  0/0    27:01   6:50   4:49 
Evgeny Kuznetsov         1  0  1   1  0   1  0  0  0  0  3/7     3:22   0:00   0:00 
Gustav Forsling          0  0  0   0  0   3  1  1  0  0  0/0    26:20   6:50   4:49 
Jack Roslovic            0  1  1   0  0   3  1  1  0  0  5/10   12:56   0:00   0:00 
Jonathan Marchessault    1  1  2   1  0   5  3  0  0  0  1/2    23:47   7:05   4:24 
Kevin Labanc             0  0  0  -1  0   0  2  0  0  0  0/0     9:58   0:00   0:24 
Marcus Johansson         0  0  0  -1  0   1  0  1  0  0  0/0     9:34   0:00   0:00 
Oliver Bjorkstrand       0  0  0   0  0   3  0  0  0  0  2/3    21:26   8:08   1:41 
Oscar Klefbom            0  0  0   0  0   1  1  0  0  0  0/0    10:38   0:00   0:00 
Robby Fabbri             0  0  0   0  0   0  0  0  0  0  0/0     0:00   0:00   0:00 
Roope Hintz              0  0  0   1  2   5  1  0  0  0  28/46  23:48   7:05   4:26 

3 Stars

1 - Jonathan Marchessault (STL)
2 - Marc-Andre Fleury (STL)
3 - Calle Jarnkrok (STL)

Power Play

EDMONTON Oilers - 0 on 4 Attempt(s) - 0,00%
ST. LOUIS Blues - 1 on 8 Attempt(s) - 12,50%

Penalty Kill

EDMONTON Oilers - 7 on 8 Attempt(s) - 87,50% - Score 0 goal in Penalty Kill
ST. LOUIS Blues - 4 on 4 Attempt(s) - 100,00% - Score 0 goal in Penalty Kill

Team Stat

EDMONTON Oilers - Hits : 27 - Faceoff Wins : 45 - Blocked Shots : 11 - Penalty Minutes : 16
ST. LOUIS Blues - Hits : 15 - Faceoff Wins : 68 - Blocked Shots : 5 - Penalty Minutes : 8

Official

Referees : François St-Laurent and Jestina Vichorek
Linesman : Kirsten Welsh and Owen Gidlow

Game Notes

No Game Note

Finance

Level 1 -- Attendance: 5523 (78,90%) -- Ticket Income $524,685
Level 2 -- Attendance: 5000 (100,00%) -- Ticket Income $275,000
Level 3 -- Attendance: 1950 (97,50%) -- Ticket Income $68,250
Level 4 -- Attendance: 4000 (100,00%) -- Ticket Income $80,000
Luxury Box -- Attendance: 1049 (69,93%) -- Ticket Income $178,330
Game was played at the Scottrade Center.
Total Attendance: 17522 (89,86%)
Total Ticket Income: $1,126,265
Other Income: $281,566
Total Income: $1,407,831

EDMONTON Oilers

5 vs 5 Forward 
   Center                   Left Wing                Right Wing               Time % Phy DF OF 
 1 Dylan Cozens             Owen Tippett             Drake Batherson          35     1   1  3  
 2 Alex Wennberg            Kyle Palmieri            T.J. Oshie               28     1   1  3  
 3 Nico Sturm               Kent Johnson             Denis Gurianov           20     1   2  2  
 4 Leo Komarov              Milan Lucic              Nicolas Aube-Kubel       17     5   0  0  

5 vs 5 Defense 
   Defense                  Defense                                           Time % Phy DF OF 
 1 Moritz Seider            Alexander Romanov                                 46     1   2  2  
 2 Nikita Zaitsev           Tucker Poolman                                    34     1   2  2  
 3 Will Butcher             Michal Kempny                                     20     1   2  2  
 4 Moritz Seider            Alexander Romanov                                 0      1   2  2  

PowerPlay Forward 
   Center                   Left Wing                Right Wing               Time % Phy DF OF 
 1 Alex Wennberg            Dylan Cozens             Owen Tippett             60     1   2  2  
 2 Kent Johnson             Kyle Palmieri            Drake Batherson          40     1   2  2  

PowerPlay Defense
   Defense                  Defense                                           Time % Phy DF OF 
 1 Moritz Seider            Alexander Romanov                                 60     1   2  2  
 2 Nikita Zaitsev           Tucker Poolman                                    40     1   2  2  

Penalty Kill 4 Players Forward 
   Center                   Wing                     Time % Phy DF OF 
 1 Owen Tippett             Alex Wennberg            60     1   2  2  
 2 Dylan Cozens             Kyle Palmieri            40     1   2  2  

Penalty Kill 4 Players Defense
   Defense                  Defense                  Time % Phy DF OF 
 1 Moritz Seider            Alexander Romanov        60     1   2  2  
 2 Nikita Zaitsev           Will Butcher             40     1   2  2  

Penalty Kill - 3 Players Forward 
   Forward                                           Time % Phy DF OF 
 1 Owen Tippett                                      60     1   2  2  
 2 Alex Wennberg                                     40     1   2  2  

Penalty Kill - 3 Players Defense
   Defense                  Defense                  Time % Phy DF OF 
 1 Moritz Seider            Alexander Romanov        60     1   2  2  
 2 Nikita Zaitsev           Will Butcher             40     1   2  2  

4 vs 4 Forward 
   Center                   Wing                     Time % Phy DF OF 
 1 Owen Tippett             Alex Wennberg            60     1   2  2  
 2 Dylan Cozens             Kyle Palmieri            40     1   2  2  

4 vs 4 Defense
   Defense                  Defense                  Time % Phy DF OF 
 1 Moritz Seider            Alexander Romanov        60     1   2  2  
 2 Nikita Zaitsev           Tucker Poolman           40     1   2  2  

Last Minutes Offensive
   Center                   Left Wing                Right Wing               Defense                  Defense                  
   Alex Wennberg            Dylan Cozens             Owen Tippett             Moritz Seider            Alexander Romanov        

Last Minutes Defensive
   Center                   Left Wing                Right Wing               Defense                  Defense                  
   Alex Wennberg            Dylan Cozens             Owen Tippett             Moritz Seider            Alexander Romanov        

Goaltenders
Starting : Adin Hill                
Backup : Mikko Koskinen           

Extra Forwards
Normal : Alex Wennberg, Drake Batherson, T.J. Oshie - PP : Dylan Cozens, Kent Johnson - PK : T.J. Oshie
Extra Defensemen
Normal : Tucker Poolman, Will Butcher, Nikita Zaitsev - PP : Tucker Poolman - PK : Will Butcher, Nikita Zaitsev
Penalty Shots
Owen Tippett, Alex Wennberg, Dylan Cozens, Kyle Palmieri, Drake Batherson

Scratches
James Neal (Healthy)

ST. LOUIS Blues

5 vs 5 Forward 
   Center                   Left Wing                Right Wing               Time % Phy DF OF 
 1 Roope Hintz              Jonathan Marchessault    Calle Jarnkrok           35     1   2  2  
 2 Erik Haula               Oliver Bjorkstrand       Brandon Tanev            35     1   2  2  
 3 Evgeny Kuznetsov         Brandon Tanev            Jack Roslovic            20     1   2  2  
 4 Jack Roslovic            Marcus Johansson         Kevin Labanc             10     1   2  2  

5 vs 5 Defense 
   Defense                  Defense                                           Time % Phy DF OF 
 1 Erik Karlsson            Gustav Forsling                                   40     1   2  2  
 2 Damon Severson           Erik Gustafsson                                   30     1   2  2  
 3 Colin Miller             Oscar Klefbom                                     20     1   2  2  
 4 Erik Brannstrom          Erik Karlsson                                     10     1   2  2  

PowerPlay Forward 
   Center                   Left Wing                Right Wing               Time % Phy DF OF 
 1 Roope Hintz              Jonathan Marchessault    Calle Jarnkrok           60     1   2  2  
 2 Erik Haula               Oliver Bjorkstrand       Brandon Tanev            40     1   2  2  

PowerPlay Defense
   Defense                  Defense                                           Time % Phy DF OF 
 1 Erik Karlsson            Gustav Forsling                                   60     1   2  2  
 2 Damon Severson           Erik Gustafsson                                   40     1   2  2  

Penalty Kill 4 Players Forward 
   Center                   Wing                     Time % Phy DF OF 
 1 Roope Hintz              Jonathan Marchessault    60     1   2  2  
 2 Erik Haula               Oliver Bjorkstrand       40     1   2  2  

Penalty Kill 4 Players Defense
   Defense                  Defense                  Time % Phy DF OF 
 1 Erik Karlsson            Gustav Forsling          60     1   2  2  
 2 Damon Severson           Erik Gustafsson          40     1   2  2  

Penalty Kill - 3 Players Forward 
   Forward                                           Time % Phy DF OF 
 1 Roope Hintz                                       60     1   2  2  
 2 Erik Haula                                        40     1   2  2  

Penalty Kill - 3 Players Defense
   Defense                  Defense                  Time % Phy DF OF 
 1 Erik Karlsson            Gustav Forsling          60     1   2  2  
 2 Damon Severson           Erik Gustafsson          40     1   2  2  

4 vs 4 Forward 
   Center                   Wing                     Time % Phy DF OF 
 1 Roope Hintz              Jonathan Marchessault    60     1   2  2  
 2 Erik Haula               Oliver Bjorkstrand       40     1   2  2  

4 vs 4 Defense
   Defense                  Defense                  Time % Phy DF OF 
 1 Erik Karlsson            Gustav Forsling          60     1   2  2  
 2 Damon Severson           Erik Gustafsson          40     1   2  2  

Last Minutes Offensive
   Center                   Left Wing                Right Wing               Defense                  Defense                  
   Roope Hintz              Jonathan Marchessault    Calle Jarnkrok           Erik Karlsson            Gustav Forsling          

Last Minutes Defensive
   Center                   Left Wing                Right Wing               Defense                  Defense                  
   Roope Hintz              Jonathan Marchessault    Calle Jarnkrok           Erik Karlsson            Gustav Forsling          

Goaltenders
Starting : Marc-Andre Fleury        
Backup : Filip Gustavsson         

Extra Forwards
Normal : Calle Jarnkrok, Evgeny Kuznetsov, Brandon Tanev - PP : Calle Jarnkrok, Evgeny Kuznetsov - PK : Calle Jarnkrok
Extra Defensemen
Normal : Colin Miller, Oscar Klefbom, Erik Brannstrom - PP : Colin Miller - PK : Colin Miller, Oscar Klefbom
Penalty Shots
Roope Hintz, Jonathan Marchessault, Oliver Bjorkstrand, Erik Haula, Calle Jarnkrok

Scratches
None


% Time on Ice - EDMONTON Oilers

Lines # - Real PCT - Wanted PCT - Time Play
Normal Forward
1 - 34% - 35% - 12:34
2 - 28% - 28% - 10:10
3 - 20% - 20% - 7:17
4 - 19% - 17% - 6:50
Normal Defense
1 - 39% - 46% - 14:17
2 - 37% - 34% - 13:35
3 - 24% - 20% - 8:59
4 - 0% - 0% - 0:00
PP Forward
1 - 47% - 60% - 3:44
2 - 53% - 40% - 4:12
PP Defense
1 - 51% - 60% - 4:05
2 - 49% - 40% - 3:51
PK Forward
1 - 69% - 60% - 10:27
2 - 31% - 40% - 4:46
PK Defense
1 - 61% - 60% - 9:14
2 - 39% - 40% - 5:59
PK3 Forward
1 - 0% - 60%
2 - 0% - 40%
PK3 Defense
1 - 0% - 60%
2 - 0% - 40%
44 Forward
1 - 0% - 60%
2 - 0% - 40%
44 Defense
1 - 0% - 60%
2 - 0% - 40%
Last Minute Offensive  - 0:00
Last Minute Defensive  - 0:00
Total
Forward - 60:00
Defense - 60:00

% Time on Ice - ST. LOUIS Blues

Lines # - Real PCT - Wanted PCT - Time Play
Normal Forward
1 - 33% - 35% - 12:18
2 - 32% - 35% - 11:37
3 - 9% - 20% - 3:22
4 - 26% - 10% - 9:34
Normal Defense
1 - 40% - 40% - 14:41
2 - 29% - 30% - 10:51
3 - 29% - 20% - 10:38
4 - 2% - 10% - 0:41
PP Forward
1 - 47% - 60% - 7:05
2 - 53% - 40% - 8:08
PP Defense
1 - 45% - 60% - 6:50
2 - 55% - 40% - 8:23
PK Forward
1 - 79% - 60% - 6:15
2 - 21% - 40% - 1:41
PK Defense
1 - 61% - 60% - 4:49
2 - 39% - 40% - 3:07
PK3 Forward
1 - 0% - 60%
2 - 0% - 40%
PK3 Defense
1 - 0% - 60%
2 - 0% - 40%
44 Forward
1 - 0% - 60%
2 - 0% - 40%
44 Defense
1 - 0% - 60%
2 - 0% - 40%
Last Minute Offensive  - 0:00
Last Minute Defensive  - 0:00
Total
Forward - 60:00
Defense - 60:00

Play-by-Play

1st period


0:01 of 1st period - Roope Hintz wins face-off versus Dylan Cozens in neutral zone.
0:21 of 1st period - Jonathan Marchessault is hit by Moritz Seider and loses puck.
0:24 of 1st period - Shot by Roope Hintz.
0:24 of 1st period - Stopped by Adin Hill without a rebound.
0:25 of 1st period - Erik Haula wins face-off versus Alex Wennberg in EDMONTON Oilers zone.
0:25 of 1st period - Erik Haula is hit by Nikita Zaitsev.
0:35 of 1st period - Shot by Erik Haula.
0:35 of 1st period - Shot Misses the Net.
0:37 of 1st period - Shot by Brandon Tanev.
0:37 of 1st period - Shot Misses the Net.
0:39 of 1st period - Shot by Brandon Tanev.
0:39 of 1st period - Stopped by Adin Hill without a rebound.
0:40 of 1st period - Nico Sturm wins face-off versus Jack Roslovic in EDMONTON Oilers zone.
0:40 of 1st period - Nico Sturm is hit by Kevin Labanc.
0:48 of 1st period - Shot by Kent Johnson.
0:48 of 1st period - Stopped by Marc-Andre Fleury without a rebound.
0:49 of 1st period - Evgeny Kuznetsov wins face-off versus Leo Komarov in ST. LOUIS Blues zone.
0:49 of 1st period - Erik Brannstrom is hit by Milan Lucic and loses puck.
0:57 of 1st period - Icing by Erik Karlsson.
0:58 of 1st period - Nico Sturm wins face-off versus Evgeny Kuznetsov in ST. LOUIS Blues zone.
1:25 of 1st period - Shot by Kent Johnson.
1:25 of 1st period - Stopped by Marc-Andre Fleury with a rebound.
1:27 of 1st period - Shot by Nico Sturm.
1:27 of 1st period - Shot Misses the Net.
1:29 of 1st period - Shot by Kent Johnson.
1:29 of 1st period - Stopped by Marc-Andre Fleury without a rebound.
1:30 of 1st period - Roope Hintz wins face-off versus Alex Wennberg in ST. LOUIS Blues zone.
1:41 of 1st period - Icing by Moritz Seider.
1:42 of 1st period - Erik Haula wins face-off versus Alex Wennberg in EDMONTON Oilers zone.
1:46 of 1st period - Minor Penalty to Alexander Romanov for Delaying the game.
1:47 of 1st period - Roope Hintz wins face-off versus Owen Tippett in EDMONTON Oilers zone.
1:52 of 1st period - Shot by Gustav Forsling.
1:52 of 1st period - Stopped by Adin Hill with a rebound.
1:54 of 1st period - Shot by Jonathan Marchessault.
1:54 of 1st period - Shot Misses the Net.
1:56 of 1st period - Shot by Erik Karlsson.
1:56 of 1st period - Shot Misses the Net.
2:04 of 1st period - Shot by Jonathan Marchessault.
2:04 of 1st period - Stopped by Adin Hill without a rebound.
2:05 of 1st period - Oliver Bjorkstrand wins face-off versus Owen Tippett in EDMONTON Oilers zone.
2:12 of 1st period - Shot by Brandon Tanev.
2:12 of 1st period - Stopped by Adin Hill without a rebound.
2:13 of 1st period - Calle Jarnkrok wins face-off versus Dylan Cozens in EDMONTON Oilers zone.
2:32 of 1st period - Shot by Erik Karlsson.
2:32 of 1st period - Shot Blocked by Will Butcher.
2:34 of 1st period - Shot by Gustav Forsling.
2:34 of 1st period - Deflect By Roope Hintz.
2:34 of 1st period - Shot Misses the Net.
2:36 of 1st period - Shot by Erik Karlsson.
2:36 of 1st period - Shot Blocked by Will Butcher.
2:48 of 1st period - Shot by Calle Jarnkrok.
2:48 of 1st period - Stopped by Adin Hill without a rebound.
2:49 of 1st period - Dylan Cozens wins face-off versus Brandon Tanev in EDMONTON Oilers zone.
2:58 of 1st period - Shot by Brandon Tanev.
2:58 of 1st period - Shot Misses the Net.
3:00 of 1st period - Shot by Damon Severson.
3:00 of 1st period - Shot Blocked by Moritz Seider.
3:14 of 1st period - Shot by Owen Tippett.
3:14 of 1st period - Deflect By Alex Wennberg.
3:14 of 1st period - Shot Misses the Net.
3:45 of 1st period - Shot by Jonathan Marchessault.
3:45 of 1st period - Shot Misses the Net.
3:47 of 1st period - Shot by Marcus Johansson.
3:47 of 1st period - Shot Misses the Net.
3:49 of 1st period - Shot by Oscar Klefbom.
3:49 of 1st period - Stopped by Adin Hill without a rebound.
3:50 of 1st period - Roope Hintz wins face-off versus Leo Komarov in EDMONTON Oilers zone.
3:51 of 1st period - Shot by Jonathan Marchessault.
3:51 of 1st period - Deflect By Calle Jarnkrok.
3:51 of 1st period - Stopped by Adin Hill without a rebound.
3:52 of 1st period - Leo Komarov wins face-off versus Roope Hintz in EDMONTON Oilers zone.
4:13 of 1st period - Shot by Jonathan Marchessault.
4:13 of 1st period - Deflect By Calle Jarnkrok.
4:13 of 1st period - Stopped by Adin Hill without a rebound.
4:14 of 1st period - Dylan Cozens wins face-off versus Jack Roslovic in EDMONTON Oilers zone.
4:32 of 1st period - Icing by Oscar Klefbom.
4:33 of 1st period - Jack Roslovic wins face-off versus T.J. Oshie in ST. LOUIS Blues zone.
5:06 of 1st period - Shot by Alex Wennberg.
5:06 of 1st period - Deflect By T.J. Oshie.
5:06 of 1st period - Stopped by Marc-Andre Fleury with a rebound.
5:31 of 1st period - Shot by Owen Tippett.
5:31 of 1st period - Stopped by Marc-Andre Fleury without a rebound.
5:32 of 1st period - Nico Sturm wins face-off versus Oliver Bjorkstrand in ST. LOUIS Blues zone.
5:37 of 1st period - Shot by Kent Johnson.
5:37 of 1st period - Shot Blocked by Gustav Forsling.
5:45 of 1st period - Shot by Erik Haula.
5:45 of 1st period - Shot Blocked by Will Butcher.
5:48 of 1st period - Minor Penalty to Erik Haula for High sticking.
5:49 of 1st period - Jonathan Marchessault wins face-off versus Alex Wennberg in ST. LOUIS Blues zone.
5:49 of 1st period - Roope Hintz is hit by Owen Tippett.
6:10 of 1st period - Shot by Alex Wennberg.
6:10 of 1st period - Stopped by Marc-Andre Fleury without a rebound.
6:11 of 1st period - Roope Hintz wins face-off versus Kent Johnson in ST. LOUIS Blues zone.
6:22 of 1st period - Shot by Moritz Seider.
6:22 of 1st period - Stopped by Marc-Andre Fleury without a rebound.
6:23 of 1st period - Roope Hintz wins face-off versus Alex Wennberg in ST. LOUIS Blues zone.
7:31 of 1st period - Kyle Palmieri is hit by Jonathan Marchessault and loses puck.
8:24 of 1st period - Shot by Evgeny Kuznetsov.
8:24 of 1st period - Goal by Evgeny Kuznetsov - EDMONTON Oilers : 0 - ST. LOUIS Blues : 1.
8:25 of 1st period - Erik Haula wins face-off versus Dylan Cozens in neutral zone.
8:25 of 1st period - Gustav Forsling is hit by Owen Tippett and loses puck.
8:44 of 1st period - Shot by Owen Tippett.
8:44 of 1st period - Stopped by Marc-Andre Fleury without a rebound.
8:45 of 1st period - Roope Hintz wins face-off versus T.J. Oshie in ST. LOUIS Blues zone.
8:45 of 1st period - Roope Hintz is hit by Kyle Palmieri.
9:11 of 1st period - Shot by Kyle Palmieri.
9:11 of 1st period - Deflect By Alex Wennberg.
9:11 of 1st period - Stopped by Marc-Andre Fleury without a rebound.
9:12 of 1st period - Jack Roslovic wins face-off versus Owen Tippett in ST. LOUIS Blues zone.
9:12 of 1st period - Jack Roslovic is hit by Owen Tippett.
9:19 of 1st period - Erik Karlsson is hit by Moritz Seider and loses puck.
9:55 of 1st period - Shot by Jack Roslovic.
9:55 of 1st period - Shot Blocked by Moritz Seider.
9:57 of 1st period - Shot by Gustav Forsling.
9:57 of 1st period - Stopped by Adin Hill without a rebound.
9:58 of 1st period - Nico Sturm wins face-off versus Erik Haula in EDMONTON Oilers zone.
10:30 of 1st period - Shot by Denis Gurianov.
10:30 of 1st period - Shot Misses the Net.
10:32 of 1st period - Shot by Kent Johnson.
10:32 of 1st period - Shot Misses the Net.
10:34 of 1st period - Shot by Tucker Poolman.
10:34 of 1st period - Shot Misses the Net.
10:47 of 1st period - Icing by Erik Gustafsson.
10:48 of 1st period - Erik Haula wins face-off versus Alex Wennberg in ST. LOUIS Blues zone.
10:52 of 1st period - Icing by Damon Severson.
10:53 of 1st period - Erik Haula wins face-off versus Dylan Cozens in ST. LOUIS Blues zone.
10:53 of 1st period - Erik Haula is hit by Drake Batherson.
11:59 of 1st period - Shot by Roope Hintz.
11:59 of 1st period - Shot Misses the Net.
12:25 of 1st period - Shot by T.J. Oshie.
12:25 of 1st period - Stopped by Marc-Andre Fleury without a rebound.
12:26 of 1st period - Jack Roslovic wins face-off versus Leo Komarov in ST. LOUIS Blues zone.
13:12 of 1st period - Icing by Colin Miller.
13:13 of 1st period - Dylan Cozens wins face-off versus Jack Roslovic in ST. LOUIS Blues zone.
13:18 of 1st period - Shot by Dylan Cozens.
13:18 of 1st period - Shot Misses the Net.
13:32 of 1st period - Shot by Dylan Cozens.
13:32 of 1st period - Shot Misses the Net.
13:34 of 1st period - Shot by Drake Batherson.
13:34 of 1st period - Stopped by Marc-Andre Fleury without a rebound.
13:35 of 1st period - Alex Wennberg wins face-off versus Erik Haula in ST. LOUIS Blues zone.
13:43 of 1st period - T.J. Oshie is hit by Gustav Forsling and loses puck.
13:49 of 1st period - Icing by Gustav Forsling.
13:50 of 1st period - Erik Haula wins face-off versus Dylan Cozens in ST. LOUIS Blues zone.
14:01 of 1st period - Shot by Oliver Bjorkstrand.
14:01 of 1st period - Stopped by Adin Hill without a rebound.
14:02 of 1st period - Nico Sturm wins face-off versus Roope Hintz in EDMONTON Oilers zone.
14:39 of 1st period - Shot by Roope Hintz.
14:39 of 1st period - Stopped by Adin Hill without a rebound.
14:40 of 1st period - Erik Haula wins face-off versus Dylan Cozens in EDMONTON Oilers zone.
14:40 of 1st period - Erik Haula is hit by Moritz Seider.
14:44 of 1st period - Shot by Brandon Tanev.
14:44 of 1st period - Stopped by Adin Hill without a rebound.
14:45 of 1st period - Erik Haula wins face-off versus Dylan Cozens in EDMONTON Oilers zone.
14:57 of 1st period - Shot by Dylan Cozens.
14:57 of 1st period - Stopped by Marc-Andre Fleury without a rebound.
14:58 of 1st period - Alex Wennberg wins face-off versus Roope Hintz in ST. LOUIS Blues zone.
15:22 of 1st period - Shot by Alex Wennberg.
15:22 of 1st period - Stopped by Marc-Andre Fleury without a rebound.
15:22 of 1st period - Minor Penalty to Marc-Andre Fleury for Slashing.
15:23 of 1st period - Roope Hintz wins face-off versus Alex Wennberg in ST. LOUIS Blues zone.
15:38 of 1st period - Roope Hintz is hit by Alex Wennberg and loses puck.
16:14 of 1st period - Icing by Kent Johnson.
16:15 of 1st period - Kent Johnson wins face-off versus Erik Haula in EDMONTON Oilers zone.
16:35 of 1st period - Shot by Nikita Zaitsev.
16:35 of 1st period - Shot Misses the Net.
16:58 of 1st period - Icing by Nikita Zaitsev.
16:59 of 1st period - Roope Hintz wins face-off versus Kyle Palmieri in EDMONTON Oilers zone.
17:32 of 1st period - Icing by Evgeny Kuznetsov.
17:33 of 1st period - Evgeny Kuznetsov wins face-off versus Leo Komarov in ST. LOUIS Blues zone.
17:33 of 1st period - Evgeny Kuznetsov is hit by Nicolas Aube-Kubel.
17:43 of 1st period - Shot by Evgeny Kuznetsov.
17:43 of 1st period - Shot Misses the Net.
17:45 of 1st period - Shot by Brandon Tanev.
17:45 of 1st period - Stopped by Adin Hill without a rebound.
17:46 of 1st period - Erik Haula wins face-off versus Dylan Cozens in EDMONTON Oilers zone.
17:48 of 1st period - Minor Penalty to Michal Kempny for Tripping.
17:49 of 1st period - Erik Haula wins face-off versus Owen Tippett in EDMONTON Oilers zone.
18:02 of 1st period - Shot by Erik Haula.
18:02 of 1st period - Shot Misses the Net.
18:16 of 1st period - Shot by Erik Karlsson.
18:16 of 1st period - Stopped by Adin Hill without a rebound.
18:17 of 1st period - Roope Hintz wins face-off versus Owen Tippett in EDMONTON Oilers zone.
18:24 of 1st period - Shot by Roope Hintz.
18:24 of 1st period - Stopped by Adin Hill without a rebound.
18:25 of 1st period - Owen Tippett wins face-off versus Roope Hintz in EDMONTON Oilers zone.
18:38 of 1st period - Shot by Erik Karlsson.
18:38 of 1st period - Stopped by Adin Hill without a rebound.
18:39 of 1st period - Owen Tippett wins face-off versus Erik Haula in EDMONTON Oilers zone.
18:55 of 1st period - Oliver Bjorkstrand is hit by Nikita Zaitsev and loses puck.
19:14 of 1st period - Icing by Erik Gustafsson.
19:15 of 1st period - Erik Haula wins face-off versus Owen Tippett in ST. LOUIS Blues zone.
19:19 of 1st period - Icing by Oliver Bjorkstrand.
19:20 of 1st period - Oliver Bjorkstrand wins face-off versus Owen Tippett in ST. LOUIS Blues zone.
19:27 of 1st period - Shot by Brandon Tanev.
19:27 of 1st period - Stopped by Adin Hill without a rebound.
19:28 of 1st period - Roope Hintz wins face-off versus Owen Tippett in EDMONTON Oilers zone.
19:41 of 1st period - Shot by Erik Karlsson.
19:41 of 1st period - Goal by Erik Karlsson - EDMONTON Oilers : 0 - ST. LOUIS Blues : 2.
19:42 of 1st period - Kent Johnson wins face-off versus Evgeny Kuznetsov in neutral zone.
Goals for this period are 0 for EDMONTON Oilers vs 2 for ST. LOUIS Blues.
Shots for this period are 13 for EDMONTON Oilers vs 20 for ST. LOUIS Blues.

2nd period


0:01 of 2nd period - Erik Haula wins face-off versus Dylan Cozens in neutral zone.
0:37 of 2nd period - Shot by Erik Haula.
0:37 of 2nd period - Shot Blocked by Alexander Romanov.
1:09 of 2nd period - Shot by Roope Hintz.
1:09 of 2nd period - Shot Misses the Net.
1:11 of 2nd period - Shot by Damon Severson.
1:11 of 2nd period - Stopped by Adin Hill without a rebound.
1:12 of 2nd period - Jack Roslovic wins face-off versus Nico Sturm in EDMONTON Oilers zone.
1:17 of 2nd period - Shot by Marcus Johansson.
1:17 of 2nd period - Shot Misses the Net.
1:19 of 2nd period - Shot by Kevin Labanc.
1:19 of 2nd period - Shot Misses the Net.
1:21 of 2nd period - Shot by Colin Miller.
1:21 of 2nd period - Stopped by Adin Hill without a rebound.
1:22 of 2nd period - Alex Wennberg wins face-off versus Roope Hintz in EDMONTON Oilers zone.
1:47 of 2nd period - Shot by Alex Wennberg.
1:47 of 2nd period - Shot Misses the Net.
1:49 of 2nd period - Shot by Alex Wennberg.
1:49 of 2nd period - Shot Misses the Net.
1:51 of 2nd period - Shot by Tucker Poolman.
1:51 of 2nd period - Shot Misses the Net.
2:01 of 2nd period - Shot by Kyle Palmieri.
2:01 of 2nd period - Stopped by Marc-Andre Fleury without a rebound.
2:02 of 2nd period - Erik Haula wins face-off versus Dylan Cozens in ST. LOUIS Blues zone.
2:02 of 2nd period - Erik Haula is hit by Drake Batherson.
2:44 of 2nd period - Shot by Owen Tippett.
2:44 of 2nd period - Shot Misses the Net.
3:29 of 2nd period - Shot by Denis Gurianov.
3:29 of 2nd period - Deflect By Kent Johnson.
3:29 of 2nd period - Stopped by Marc-Andre Fleury without a rebound.
3:30 of 2nd period - Calle Jarnkrok wins face-off versus Alex Wennberg in ST. LOUIS Blues zone.
3:39 of 2nd period - Shot by Jonathan Marchessault.
3:39 of 2nd period - Goal by Jonathan Marchessault - EDMONTON Oilers : 0 - ST. LOUIS Blues : 3.
3:40 of 2nd period - Roope Hintz wins face-off versus Leo Komarov in neutral zone.
3:44 of 2nd period - Minor Penalty to Nikita Zaitsev for Interference.
3:45 of 2nd period - Roope Hintz wins face-off versus Owen Tippett in EDMONTON Oilers zone.
3:58 of 2nd period - Shot by Roope Hintz.
3:58 of 2nd period - Shot Blocked by Alexander Romanov.
4:00 of 2nd period - Shot by Calle Jarnkrok.
4:00 of 2nd period - Stopped by Adin Hill without a rebound.
4:01 of 2nd period - Roope Hintz wins face-off versus Owen Tippett in EDMONTON Oilers zone.
4:21 of 2nd period - Alexander Romanov is hit by Jonathan Marchessault and loses puck.
5:14 of 2nd period - Brandon Tanev is hit by Michal Kempny and loses puck.
5:45 of 2nd period - Shot by Marcus Johansson.
5:45 of 2nd period - Shot Blocked by Nicolas Aube-Kubel.
5:47 of 2nd period - Shot by Kevin Labanc.
5:47 of 2nd period - Shot Blocked by Milan Lucic.
5:54 of 2nd period - Icing by Leo Komarov.
5:55 of 2nd period - Leo Komarov wins face-off versus Jack Roslovic in EDMONTON Oilers zone.
5:55 of 2nd period - Leo Komarov is hit by Kevin Labanc.
6:12 of 2nd period - Nicolas Aube-Kubel is hit by Colin Miller and loses puck.
6:53 of 2nd period - Shot by Nico Sturm.
6:53 of 2nd period - Shot Blocked by Jack Roslovic.
6:55 of 2nd period - Shot by Alexander Romanov.
6:55 of 2nd period - Shot Blocked by Marcus Johansson.
6:57 of 2nd period - Shot by Nico Sturm.
6:57 of 2nd period - Deflect By Kent Johnson.
6:57 of 2nd period - Stopped by Marc-Andre Fleury without a rebound.
6:58 of 2nd period - Roope Hintz wins face-off versus Dylan Cozens in ST. LOUIS Blues zone.
6:58 of 2nd period - Calle Jarnkrok is hit by Owen Tippett and loses puck.
7:09 of 2nd period - Shot by Jonathan Marchessault.
7:09 of 2nd period - Shot Blocked by Michal Kempny.
7:11 of 2nd period - Shot by Gustav Forsling.
7:11 of 2nd period - Shot Misses the Net.
7:13 of 2nd period - Shot by Gustav Forsling.
7:13 of 2nd period - Shot Misses the Net.
7:34 of 2nd period - Icing by Will Butcher.
7:35 of 2nd period - Erik Haula wins face-off versus Dylan Cozens in EDMONTON Oilers zone.
8:07 of 2nd period - Minor Penalty to Brandon Tanev for Holding.
8:08 of 2nd period - Kent Johnson wins face-off versus Roope Hintz in ST. LOUIS Blues zone.
8:15 of 2nd period - Shot by Kent Johnson.
8:15 of 2nd period - Shot Blocked by Erik Karlsson.
8:17 of 2nd period - Shot by Alexander Romanov.
8:17 of 2nd period - Stopped by Marc-Andre Fleury without a rebound.
8:18 of 2nd period - Kent Johnson wins face-off versus Roope Hintz in ST. LOUIS Blues zone.
8:25 of 2nd period - Shot by Kyle Palmieri.
8:25 of 2nd period - Shot Misses the Net.
8:40 of 2nd period - Icing by Moritz Seider.
8:41 of 2nd period - Roope Hintz wins face-off versus Kent Johnson in EDMONTON Oilers zone.
8:58 of 2nd period - Shot by Moritz Seider.
8:58 of 2nd period - Stopped by Marc-Andre Fleury without a rebound.
8:59 of 2nd period - Roope Hintz wins face-off versus Dylan Cozens in ST. LOUIS Blues zone.
9:07 of 2nd period - Icing by Nikita Zaitsev.
9:08 of 2nd period - Roope Hintz wins face-off versus Alex Wennberg in EDMONTON Oilers zone.
9:21 of 2nd period - Shot by Dylan Cozens.
9:21 of 2nd period - Stopped by Marc-Andre Fleury without a rebound.
9:22 of 2nd period - Roope Hintz wins face-off versus Alex Wennberg in ST. LOUIS Blues zone.
9:22 of 2nd period - Roope Hintz is hit by Dylan Cozens.
9:30 of 2nd period - Shot by Moritz Seider.
9:30 of 2nd period - Stopped by Marc-Andre Fleury without a rebound.
9:31 of 2nd period - Alex Wennberg wins face-off versus Erik Haula in ST. LOUIS Blues zone.
9:38 of 2nd period - Shot by Moritz Seider.
9:38 of 2nd period - Shot Misses the Net.
9:40 of 2nd period - Shot by Alexander Romanov.
9:40 of 2nd period - Shot Misses the Net.
9:42 of 2nd period - Shot by Owen Tippett.
9:42 of 2nd period - Shot Blocked by Erik Haula.
9:44 of 2nd period - Shot by Moritz Seider.
9:44 of 2nd period - Shot Misses the Net.
9:46 of 2nd period - Shot by Moritz Seider.
9:46 of 2nd period - Stopped by Marc-Andre Fleury without a rebound.
9:47 of 2nd period - Roope Hintz wins face-off versus Kent Johnson in ST. LOUIS Blues zone.
10:01 of 2nd period - Icing by Kent Johnson.
10:02 of 2nd period - Roope Hintz wins face-off versus Kent Johnson in EDMONTON Oilers zone.
10:58 of 2nd period - Minor Penalty to Roope Hintz for Holding.
10:59 of 2nd period - Calle Jarnkrok wins face-off versus Alex Wennberg in ST. LOUIS Blues zone.
11:30 of 2nd period - Shot by Owen Tippett.
11:30 of 2nd period - Stopped by Marc-Andre Fleury without a rebound.
11:31 of 2nd period - Erik Haula wins face-off versus Kyle Palmieri in ST. LOUIS Blues zone.
11:44 of 2nd period - Calle Jarnkrok is hit by Kyle Palmieri and loses puck.
13:07 of 2nd period - Shot by Jack Roslovic.
13:07 of 2nd period - Deflect By Brandon Tanev.
13:07 of 2nd period - Shot Misses the Net.
13:26 of 2nd period - Icing by Brandon Tanev.
13:27 of 2nd period - Alex Wennberg wins face-off versus Evgeny Kuznetsov in ST. LOUIS Blues zone.
13:35 of 2nd period - Colin Miller is hit by Nikita Zaitsev and loses puck.
13:41 of 2nd period - Icing by Alex Wennberg.
13:42 of 2nd period - Alex Wennberg wins face-off versus Roope Hintz in EDMONTON Oilers zone.
13:44 of 2nd period - Icing by Kyle Palmieri.
13:45 of 2nd period - Alex Wennberg wins face-off versus Roope Hintz in EDMONTON Oilers zone.
13:56 of 2nd period - Shot by Kyle Palmieri.
13:56 of 2nd period - Shot Misses the Net.
14:16 of 2nd period - Shot by T.J. Oshie.
14:16 of 2nd period - Shot Misses the Net.
14:18 of 2nd period - Shot by T.J. Oshie.
14:18 of 2nd period - Stopped by Marc-Andre Fleury without a rebound.
14:19 of 2nd period - Dylan Cozens wins face-off versus Erik Haula in ST. LOUIS Blues zone.
14:48 of 2nd period - Moritz Seider is hit by Damon Severson and loses puck.
15:12 of 2nd period - Erik Gustafsson is hit by Denis Gurianov and loses puck.
15:17 of 2nd period - Shot by Kent Johnson.
15:17 of 2nd period - Stopped by Marc-Andre Fleury with a rebound.
15:19 of 2nd period - Shot by Denis Gurianov.
15:19 of 2nd period - Shot Misses the Net.
15:21 of 2nd period - Shot by Denis Gurianov.
15:21 of 2nd period - Stopped by Marc-Andre Fleury without a rebound.
15:22 of 2nd period - Roope Hintz wins face-off versus Leo Komarov in ST. LOUIS Blues zone.
15:22 of 2nd period - Roope Hintz is hit by Milan Lucic.
15:28 of 2nd period - Shot by Erik Karlsson.
15:28 of 2nd period - Stopped by Adin Hill without a rebound.
15:29 of 2nd period - Alex Wennberg wins face-off versus Roope Hintz in EDMONTON Oilers zone.
15:46 of 2nd period - Shot by Jonathan Marchessault.
15:46 of 2nd period - Stopped by Adin Hill with a rebound.
16:02 of 2nd period - Shot by Alex Wennberg.
16:02 of 2nd period - Shot Misses the Net.
16:04 of 2nd period - Shot by Alex Wennberg.
16:04 of 2nd period - Shot Misses the Net.
16:44 of 2nd period - Shot by Dylan Cozens.
16:44 of 2nd period - Goal by Dylan Cozens - EDMONTON Oilers : 1 - ST. LOUIS Blues : 3.
16:45 of 2nd period - Nico Sturm wins face-off versus Erik Haula in neutral zone.
16:58 of 2nd period - Shot by Kent Johnson.
16:58 of 2nd period - Stopped by Marc-Andre Fleury without a rebound.
16:59 of 2nd period - Dylan Cozens wins face-off versus Evgeny Kuznetsov in ST. LOUIS Blues zone.
17:22 of 2nd period - Minor Penalty to Alexander Romanov for High sticking.
17:23 of 2nd period - Erik Haula wins face-off versus Owen Tippett in EDMONTON Oilers zone.
17:24 of 2nd period - Shot by Damon Severson.
17:24 of 2nd period - Stopped by Adin Hill with a rebound.
17:39 of 2nd period - Off-side.
17:40 of 2nd period - Owen Tippett wins face-off versus Roope Hintz in neutral zone.
17:46 of 2nd period - Icing by Gustav Forsling.
17:47 of 2nd period - Owen Tippett wins face-off versus Roope Hintz in ST. LOUIS Blues zone.
17:58 of 2nd period - Will Butcher is hit by Calle Jarnkrok.
19:00 of 2nd period - Shot by Oliver Bjorkstrand.
19:00 of 2nd period - Shot Misses the Net.
19:02 of 2nd period - Shot by Brandon Tanev.
19:02 of 2nd period - Deflect By Oliver Bjorkstrand.
19:02 of 2nd period - Stopped by Adin Hill without a rebound.
19:03 of 2nd period - Erik Haula wins face-off versus Owen Tippett in EDMONTON Oilers zone.
19:36 of 2nd period - Nico Sturm is hit by Oscar Klefbom and loses puck.
19:43 of 2nd period - Shot by Denis Gurianov.
19:43 of 2nd period - Shot Misses the Net.
19:52 of 2nd period - Denis Gurianov is hit by Colin Miller and loses puck.
19:56 of 2nd period - Minor Penalty to Nico Sturm for Cross-checking.
19:57 of 2nd period - Owen Tippett wins face-off versus Roope Hintz in EDMONTON Oilers zone.
Goals for this period are 1 for EDMONTON Oilers vs 1 for ST. LOUIS Blues.
Shots for this period are 14 for EDMONTON Oilers vs 8 for ST. LOUIS Blues.

3rd period


0:01 of 3rd period - Owen Tippett wins face-off versus Calle Jarnkrok in neutral zone.
1:24 of 3rd period - Shot by Erik Haula.
1:24 of 3rd period - Stopped by Adin Hill without a rebound.
1:25 of 3rd period - Erik Haula wins face-off versus Owen Tippett in EDMONTON Oilers zone.
2:20 of 3rd period - Jack Roslovic is hit by Nikita Zaitsev and loses puck.
2:30 of 3rd period - Shot by Jack Roslovic.
2:30 of 3rd period - Stopped by Adin Hill without a rebound.
2:31 of 3rd period - Nico Sturm wins face-off versus Roope Hintz in EDMONTON Oilers zone.
2:31 of 3rd period - Moritz Seider is hit by Jonathan Marchessault and loses puck.
2:37 of 3rd period - Icing by Alexander Romanov.
2:38 of 3rd period - Roope Hintz wins face-off versus Nico Sturm in EDMONTON Oilers zone.
3:46 of 3rd period - Shot by Brandon Tanev.
3:46 of 3rd period - Stopped by Adin Hill without a rebound.
3:47 of 3rd period - Evgeny Kuznetsov wins face-off versus Alex Wennberg in EDMONTON Oilers zone.
4:00 of 3rd period - Shot by T.J. Oshie.
4:00 of 3rd period - Stopped by Marc-Andre Fleury without a rebound.
4:01 of 3rd period - Erik Haula wins face-off versus Dylan Cozens in ST. LOUIS Blues zone.
4:07 of 3rd period - Off-side.
4:08 of 3rd period - Erik Haula wins face-off versus Dylan Cozens in neutral zone.
5:11 of 3rd period - Shot by Calle Jarnkrok.
5:11 of 3rd period - Shot Misses the Net.
5:13 of 3rd period - Shot by Erik Karlsson.
5:13 of 3rd period - Deflect By Jonathan Marchessault.
5:13 of 3rd period - Stopped by Adin Hill without a rebound.
5:14 of 3rd period - Alex Wennberg wins face-off versus Jack Roslovic in EDMONTON Oilers zone.
5:53 of 3rd period - Shot by Jack Roslovic.
5:53 of 3rd period - Stopped by Adin Hill without a rebound.
5:54 of 3rd period - Roope Hintz wins face-off versus Nico Sturm in EDMONTON Oilers zone.
6:13 of 3rd period - Shot by Calle Jarnkrok.
6:13 of 3rd period - Deflect By Roope Hintz.
6:13 of 3rd period - Stopped by Adin Hill without a rebound.
6:14 of 3rd period - Dylan Cozens wins face-off versus Erik Haula in EDMONTON Oilers zone.
6:31 of 3rd period - Off-side.
6:32 of 3rd period - Roope Hintz wins face-off versus Alex Wennberg in neutral zone.
6:49 of 3rd period - Shot by Jonathan Marchessault.
6:49 of 3rd period - Shot Misses the Net.
7:07 of 3rd period - Shot by Jonathan Marchessault.
7:07 of 3rd period - Shot Misses the Net.
7:09 of 3rd period - Shot by Roope Hintz.
7:09 of 3rd period - Deflect By Jonathan Marchessault.
7:09 of 3rd period - Shot Misses the Net.
7:11 of 3rd period - Shot by Calle Jarnkrok.
7:11 of 3rd period - Stopped by Adin Hill without a rebound.
7:12 of 3rd period - Erik Haula wins face-off versus Dylan Cozens in EDMONTON Oilers zone.
7:27 of 3rd period - Shot by Dylan Cozens.
7:27 of 3rd period - Stopped by Marc-Andre Fleury without a rebound.
7:28 of 3rd period - Jack Roslovic wins face-off versus Nico Sturm in ST. LOUIS Blues zone.
7:36 of 3rd period - Shot by Jack Roslovic.
7:36 of 3rd period - Stopped by Adin Hill without a rebound.
7:37 of 3rd period - Roope Hintz wins face-off versus Dylan Cozens in EDMONTON Oilers zone.
8:00 of 3rd period - Shot by Alexander Romanov.
8:00 of 3rd period - Stopped by Marc-Andre Fleury with a rebound.
8:09 of 3rd period - Shot by Drake Batherson.
8:09 of 3rd period - Stopped by Marc-Andre Fleury without a rebound.
8:10 of 3rd period - Alex Wennberg wins face-off versus Erik Haula in ST. LOUIS Blues zone.
8:15 of 3rd period - Shot by Kyle Palmieri.
8:15 of 3rd period - Shot Misses the Net.
8:38 of 3rd period - Icing by Damon Severson.
8:39 of 3rd period - Dylan Cozens wins face-off versus Erik Haula in ST. LOUIS Blues zone.
9:37 of 3rd period - Icing by Gustav Forsling.
9:38 of 3rd period - Alex Wennberg wins face-off versus Roope Hintz in ST. LOUIS Blues zone.
10:23 of 3rd period - Off-side.
10:24 of 3rd period - Erik Haula wins face-off versus Nico Sturm in neutral zone.
11:34 of 3rd period - Dylan Cozens is hit by Jack Roslovic and loses puck.
12:14 of 3rd period - Off-side.
12:15 of 3rd period - Alex Wennberg wins face-off versus Roope Hintz in neutral zone.
13:07 of 3rd period - Minor Penalty to Nikita Zaitsev for Cross-checking.
13:08 of 3rd period - Erik Haula wins face-off versus Owen Tippett in EDMONTON Oilers zone.
13:19 of 3rd period - Shot by Oliver Bjorkstrand.
13:19 of 3rd period - Stopped by Adin Hill without a rebound.
13:20 of 3rd period - Owen Tippett wins face-off versus Erik Haula in EDMONTON Oilers zone.
13:20 of 3rd period - Owen Tippett is hit by Erik Haula.
13:38 of 3rd period - Shot by Brandon Tanev.
13:38 of 3rd period - Shot Misses the Net.
13:42 of 3rd period - Shot by Erik Gustafsson.
13:42 of 3rd period - Deflect By Brandon Tanev.
13:42 of 3rd period - Shot Blocked by Owen Tippett.
13:50 of 3rd period - Shot by Erik Haula.
13:50 of 3rd period - Stopped by Adin Hill without a rebound.
13:51 of 3rd period - Dylan Cozens wins face-off versus Jonathan Marchessault in EDMONTON Oilers zone.
14:23 of 3rd period - Shot by Gustav Forsling.
14:23 of 3rd period - Stopped by Adin Hill without a rebound.
14:24 of 3rd period - Owen Tippett wins face-off versus Erik Haula in EDMONTON Oilers zone.
14:43 of 3rd period - Michal Kempny is hit by Brandon Tanev and loses puck.
15:33 of 3rd period - Jack Roslovic is hit by Nikita Zaitsev and loses puck.
16:01 of 3rd period - Icing by Tucker Poolman.
16:02 of 3rd period - Calle Jarnkrok wins face-off versus Leo Komarov in EDMONTON Oilers zone.
16:03 of 3rd period - Shot by Roope Hintz.
16:03 of 3rd period - Shot Misses the Net.
16:04 of 3rd period - Minor Penalty to Tucker Poolman for Roughing.
16:05 of 3rd period - Roope Hintz wins face-off versus Owen Tippett in EDMONTON Oilers zone.
16:24 of 3rd period - Shot by Jonathan Marchessault.
16:24 of 3rd period - Stopped by Adin Hill without a rebound.
16:25 of 3rd period - Owen Tippett wins face-off versus Erik Haula in EDMONTON Oilers zone.
17:44 of 3rd period - Kyle Palmieri is hit by Roope Hintz and loses puck.
17:57 of 3rd period - Shot by Roope Hintz.
17:57 of 3rd period - Stopped by Adin Hill without a rebound.
17:58 of 3rd period - Erik Haula wins face-off versus Owen Tippett in EDMONTON Oilers zone.
18:12 of 3rd period - Colin Miller is hit by Milan Lucic and loses puck.
18:16 of 3rd period - Oscar Klefbom is hit by Michal Kempny and loses puck.
18:19 of 3rd period - Shot by Jack Roslovic.
18:19 of 3rd period - Shot Misses the Net.
18:21 of 3rd period - Shot by Oscar Klefbom.
18:21 of 3rd period - Shot Misses the Net.
18:33 of 3rd period - Shot by Marcus Johansson.
18:33 of 3rd period - Stopped by Adin Hill without a rebound.
18:33 of 3rd period - Minor Penalty to Michal Kempny for Slashing.
18:34 of 3rd period - Erik Haula wins face-off versus Owen Tippett in EDMONTON Oilers zone.
18:34 of 3rd period - Erik Haula is hit by Alexander Romanov.
18:36 of 3rd period - Shot by Erik Karlsson.
18:36 of 3rd period - Stopped by Adin Hill without a rebound.
18:37 of 3rd period - Owen Tippett wins face-off versus Roope Hintz in EDMONTON Oilers zone.
18:45 of 3rd period - Off-side.
18:46 of 3rd period - Owen Tippett wins face-off versus Roope Hintz in neutral zone.
18:52 of 3rd period - Icing by Roope Hintz.
18:53 of 3rd period - Roope Hintz wins face-off versus Owen Tippett in ST. LOUIS Blues zone.
18:53 of 3rd period - Erik Karlsson is hit by Owen Tippett and loses puck.
19:11 of 3rd period - Off-side.
19:12 of 3rd period - Owen Tippett wins face-off versus Erik Haula in neutral zone.
Goals for this period are 0 for EDMONTON Oilers vs 0 for ST. LOUIS Blues.
Shots for this period are 4 for EDMONTON Oilers vs 15 for ST. LOUIS Blues. Output by the SimonT Hockey Simulator (STHS) for Martin Benoit - Original Page W3C HTML5 Valid
Hockey Simulator - Hockey Simulation - Hockey Manager